 Dungeon Crawl Stone Soup version 0.18-a0-1109-gfc003ac (webtiles) character file.

147 dvd the Sneak (level 5, -2/24 HPs)
             Began as a Spriggan Enchanter on Jan 16, 2016.
             Killed from afar by an orc wizard (11 damage)
             ... with a magic dart
             ... on level 3 of the Dungeon.
             The game lasted 00:11:41 (3034 turns).

dvd the Sneak (Spriggan Enchanter)                  Turns: 3034, Time: 00:11:42

Health: -2/24      AC:  3    Str:  4    XL:     5   Next: 7%
Magic:  3/12       EV: 18    Int: 18    God:
Gold:   77         SH:  0    Dex: 16    Spells: 4 memorised, 4 levels left

rFire  . . .     SeeInvis +     a - +2 dagger (speed)
rCold  . . .     Gourm    .     b - +1 robe
rNeg   . . .     Faith    .     (shield restricted)
rPois  .         Spirit   .     (helmet restricted)
rElec  .         Dismiss  .     (no cloak)
rCorr  .         Reflect  .     (gloves unavailable)
SustAt .         Harm     .     (boots unavailable)
MR     .....                    (no amulet)
Stlth  +++.......               (no ring)
                                (no ring)

@: very quick, not resistant to hostile enchantments, fairly stealthy
A: unfitting armour, see invisible, herbivore 3, speed 3, slow metabolism 2
a: no special abilities


You were on level 3 of the Dungeon.
You were not hungry.

You visited 1 branch of the dungeon, and saw 3 of its levels.

You collected 77 gold pieces.

Inventory:

Hand Weapons
 a - a +2 dagger of speed (weapon)
 h - a +1 dagger
 n - a +1 falchion of holy wrath
Armour
 b - a +1 robe (worn)
Scrolls
 e - 3 scrolls of recharging {unknown}
 f - 5 scrolls of remove curse {unknown}
 g - 3 scrolls of enchant weapon {unknown}
 i - a scroll of blinking {unknown}
 j - a scroll of immolation {unknown}
 k - 2 scrolls of identify {unknown}
Potions
 l - a potion of invisibility {unknown}
 m - 3 potions of curing {unknown}
Books
 c - a book of Maledictions

   Spells                             Type                      Level
   a - Corona                         Hexes                        1
   b - Ensorcelled Hibernation        Hexes/Ice                    2
   c - Confuse                        Hexes                        3
   d - Tukima's Dance                 Hexes                        3
   e - Dazzling Spray                 Conjuration/Hexes            3
Comestibles
 d - a bread ration


   Skills:
 + Level 1.4 Short Blades
 + Level 3.4 Dodging
 + Level 5.3 Stealth
 * Level 4.5 Spellcasting
 * Level 4.6 Hexes
 * Level 1.2 Ice Magic


You had 4 spell levels left.
You knew the following spells:

 Your Spells              Type           Power        Failure   Level  Hunger
a - Corona                Hex            ###....      1%          1    None
b - Ensorcelled Hibernat  Hex/Ice        ##....       8%          2    #......
c - Confuse               Hex            ###.....     10%         3    ###....
d - Tukima's Dance        Hex            ###.....     10%         3    ###....


Dungeon Overview and Level Annotations

Branches:
Dungeon (3/15)

Altars:
Okawaru


Innate Abilities, Weirdness & Mutations

You are tiny and cannot use many weapons and most armour.
You have supernaturally acute eyesight.
You are a herbivore.
You cover ground extremely quickly.
You need consume almost no food.


Message History

The orc wizard points at you and mumbles some strange words.
The magic dart hits you!
Casting: Ensorcelled Hibernation
Confirm with . or Enter, or press ? or * to list all spells.
Aiming: Confuse
Press: ? - help, Shift-Dir - straight line, f - orc wizard
Aim: an orc wizard, wielding a dagger and wearing a robe (fast, chance to defeat MR: 50%)
The orc wizard resists with some effort.
The orc wizard gestures at you while chanting.
You easily resist.
You see here a club.
Casting: Confuse
Confirm with . or Enter, or press ? or * to list all spells.
You don't have enough magic to cast that spell.
The orc wizard casts a spell at you. The magic dart hits you!
A jackal comes into view.
The orc wizard points at you and mumbles some strange words.
The magic dart hits you!
You die...

########### ##.........# ####
#..........# ..#
####..######..##### #.#
#(...#...##....[))#
.#####.#######.##..##)##.#####.##
...............##........# #...
h#####.###.o....@.†##.##.# #..#
....##.###.##............# #...
...............##........#####...
....##o##########................
.#. #.# ####..#########). # #o#
#.## #.. #)# #.# #####.# ##.###o#
... ..##.# .....))# ##.# #>##.#


You could see an orc wizard.

Vanquished Creatures
  The ghost of 4thArraOfDagon the Skirmisher, a weakling MiCj (D:3)
  4 gnolls (D:2)
  4 worms (D:2)
  2 giant geckos (D:2)
  5 orcs
  6 giant cockroaches
  10 goblins
  11 hobgoblins
  2 jackals (D:1)
  4 kobolds
  8 bats
  2 giant newts (D:2)
  4 rats
63 creatures vanquished.

Vanquished Creatures (collateral kills)
  4 orcs (D:3)
4 creatures vanquished.

Grand Total: 67 creatures vanquished

Notes
Turn   | Place    | Note
--------------------------------------------------------------
     0 | D:1      | dvd the Spriggan Enchanter began the quest for the Orb.
     0 | D:1      | Reached XP level 1. HP: 9/9 MP: 5/5
   195 | D:1      | Reached XP level 2. HP: 5/13 MP: 5/7
   224 | D:1      | Learned a level 2 spell: Ensorcelled Hibernation
  1044 | D:2      | Reached XP level 3. HP: 16/16 MP: 3/8
  1168 | D:1      | Learned a level 3 spell: Confuse
  1901 | D:2      | Reached skill level 1 in Ice Magic
  1904 | D:2      | Reached XP level 4. HP: 21/21 MP: 1/11
  1947 | D:2      | Reached skill level 5 in Stealth
  2470 | D:2      | Found an iron altar of Okawaru.
  2515 | D:3      | Learned a level 3 spell: Tukima's Dance
  2827 | D:3      | Noticed 4thArraOfDagon's ghost (weakling MiCj)
  2842 | D:3      | Killed 4thArraOfDagon's ghost
  2842 | D:3      | Reached XP level 5. HP: 14/24 MP: 6/12
  3034 | D:3      | Killed from afar by an orc wizard

Vault maps used:
D:1:      minmay_arrival_four_houses
D:2:      okawaru_altar_gauntlet_db, first_bread
D:3:      lemuel_crystal_altar

Action                   |  1- 3 |  4- 6 || total
-------------------------+-------+-------++-------
Melee: Dagger            |    97 |    52 ||   149
 Cast: Corona            |    13 |     1 ||    14
       Ensorcelled Hiber |    37 |    22 ||    59
       Tukima's Dance    |       |     5 ||     5
       Confuse           |       |     3 ||     3
 Stab: Sleeping          |    30 |    16 ||    46
       Confused          |       |     3 ||     3
  Eat: Bread ration      |     1 |       ||     1
